 Dungeon Crawl Stone Soup version 0.21.1-1-g345015fe64 (webtiles) character file.

760 JOKERXD40 the Chopper (level 7, -1/62 HPs)
             Began as a Minotaur Berserker on July 5, 2018.
             Was an Elder of Trog.
             Killed by divine providence
             ... invoked by an orc priest
              (15 damage)
             ... on level 5 of the Dungeon.
             The game lasted 00:10:11 (2918 turns).

JOKERXD40 the Chopper (Minotaur Berserker)          Turns: 2918, Time: 00:10:12

Health: -1/62      AC: 13    Str: 23    XL:     7   Next: 50%
Magic:  6/6        EV:  7    Int:  4    God:    Trog [****..]
Gold:   201        SH:  3    Dex: 10    Spells: 6/6 levels left

rFire    . . .     SeeInvis +   a - +0 hand axe
rCold    . . .     Gourm    .   g - +0 buckler
rNeg     . . .     Faith    .   d - +0 plate armour
rPois    .         Spirit   .   (helmet restricted)
rElec    .         Reflect  .   B - +0 cloak
rCorr    .         Harm     .   (no gloves)
MR       .....                  (no boots)
Stlth    ..........             v - amulet of magic regeneration
HPRegen  0.20/turn              y - ring of see invisible
MPRegen  0.35/turn              (no ring)

@: drained
A: retaliatory headbutt, horns 2
a: Berserk, Trog's Hand, Brothers in Arms, Burn Spellbooks, Renounce Religion


You were on level 5 of the Dungeon.
You worshipped Trog.
Trog was greatly pleased with you.
You were not hungry.

You visited 1 branch of the dungeon, and saw 5 of its levels.

You collected 201 gold pieces.

Inventory:

Hand Weapons
 a - a +0 hand axe (weapon)
 l - a +0 hunting sling
Missiles
 m - 6 sling bullets
Armour
 d - a +0 plate armour (worn)
 g - a +0 buckler (worn)
 B - a +0 cloak (worn)
Jewellery
 v - an amulet of magic regeneration (around neck)
 y - a ring of see invisible (left hand)
Wands
 w - a wand of random effects (32)
Scrolls
 b - a scroll of enchant weapon {unknown}
 e - 3 scrolls of random uselessness {unknown}
 h - 3 scrolls of identify {unknown}
 k - 2 scrolls of teleportation
 q - a scroll of amnesia {unknown}
 r - 2 scrolls of remove curse
 s - 2 scrolls of fog {unknown}
 x - 2 scrolls of magic mapping {unknown}
 C - a scroll of fear {unknown}
Potions
 f - 2 potions of curing {unknown}
 i - 2 potions of ambrosia {unknown}
 j - a potion of heal wounds {unknown}
 n - 2 potions of agility {unknown}
 o - 5 potions of brilliance {unknown}
 p - 2 potions of degeneration {unknown}
 t - a potion of experience {unknown}
 u - a potion of flight {unknown}
 z - a potion of might
 A - a potion of mutation {unknown}
Comestibles
 c - 10 rations


   Skills:
 + Level 5.9(5.8) Fighting
 + Level 7.1(7.0) Axes
 + Level 2.8(2.7) Slings
 + Level 5.3(5.2) Armour
 + Level 2.5(2.4) Dodging
 + Level 0.1(0.0) Stealth
 + Level 1.2(1.1) Shields


You had 6 spell levels left.
You didn't know any spells.

Dungeon Overview and Level Annotations

Branches:
Dungeon (5/15)
 Temple: D:4-7

Altars:
Makhleb

Shops:
D:4 =


Innate Abilities, Weirdness & Mutations

You reflexively headbutt those who attack you in melee.
You have a pair of horns on your head.


Message History

Trog accepts your kill.
You can now call in reinforcements.
The orc priest calls down the wrath of Beogh upon you.
Beogh smites you!
You are too injured to fight recklessly!
You are too injured to fight recklessly!
You are too injured to fight recklessly!
You are too injured to fight recklessly!
You are too injured to fight recklessly!
Unknown command.
You are too injured to fight recklessly!
You closely miss the orc priest.
The orc priest is almost dead.
The orc priest invokes the aid of Beogh against you.
Beogh smites you!
* * * LOW HITPOINT WARNING * * *
You hit the orc priest but do no damage.
The orc priest is almost dead.
The orc priest invokes the aid of Beogh against you.
Beogh smites you!
You die...

# .## ..#
#..###
#.#.. #)o#
#@.# #.##
#.#
#.#######.#
#.........#
######
#######.###
.....# #.#
####.# #.#
####.#####
##.##


You could see an orc priest.

Vanquished Creatures
  Edmund (D:4)
  A centaur (D:3)
  Blork the orc (D:4)
  The ghost of JarielCorvus the Magician, an amateur DEFE (D:3)
  A hound (D:4)
  Crazy Yiuf (D:4)
  2 orc wizards
  A bullfrog skeleton (D:4)
  An iguana (D:4)
  Ijyb (D:5)
  Terence (D:3)
  A worker ant (D:4)
  7 adders
  A shadow imp (D:3)
  An ooze (D:4)
  An adder skeleton (D:4)
  3 worms
  A dart slug (D:4)
  4 leopard geckos
  17 orcs
  3 giant cockroaches
  8 goblins
  6 hobgoblins
  4 quokkas
  10 bats
  2 frilled lizards (D:2)
  5 kobolds
  A quokka zombie (D:5)
  5 rats
  4 fungi (D:4)
96 creatures vanquished.

Notes
Turn   | Place    | Note
-------+----------+-------------------------------------------
     0 | D:1      | JOKERXD40 the Minotaur Berserker began the quest for the Orb.
     0 | D:1      | Reached XP level 1. HP: 19/19 MP: 0/0
   265 | D:1      | Reached XP level 2. HP: 25/27 MP: 1/1
   808 | D:2      | Reached skill level 4 in Axes
   829 | D:2      | Reached XP level 3. HP: 25/33 MP: 2/2
   858 | D:2      | Reached ** piety under Trog
   858 | D:2      | Reached skill level 1 in Slings
  1405 | D:3      | Reached XP level 4. HP: 41/41 MP: 3/3
  1519 | D:3      | Noticed JarielCorvus's ghost (amateur DEFE)
  1527 | D:3      | Killed JarielCorvus's ghost
  1527 | D:3      | Reached skill level 5 in Axes
  1527 | D:3      | Reached XP level 5. HP: 47/47 MP: 4/4
  1596 | D:3      | Noticed a centaur
  1607 | D:3      | Killed a centaur
  1607 | D:3      | Reached skill level 5 in Fighting
  1607 | D:3      | Reached XP level 6. HP: 37/56 MP: 5/5
  1706 | D:3      | Reached *** piety under Trog
  1728 | D:3      | Noticed Terence
  1737 | D:3      | Killed Terence
  1979 | D:4      | Got a dazzling ring mail
  2005 | D:4      | Identified the cursed +0 ring mail "Emivoan" {-Tele rF+ Dex+4} (You found it on level 4 of the Dungeon)
  2072 | D:4      | Noticed Blork the orc
  2080 | D:4      | Killed Blork the orc
  2080 | D:4      | Reached skill level 6 in Axes
  2080 | D:4      | Reached skill level 1 in Shields
  2217 | D:4      | Found Nota's Jewellery Shop.
  2290 | D:4      | Reached XP level 7. HP: 61/61 MP: 6/6
  2480 | D:4      | Noticed Edmund
  2488 | D:4      | Killed Edmund
  2488 | D:4      | Reached skill level 5 in Armour
  2741 | D:4      | Found a runed door.
  2745 | D:4      | Noticed Crazy Yiuf
  2757 | D:4      | Killed Crazy Yiuf
  2817 | D:5      | Entered Level 5 of the Dungeon
  2829 | D:5      | Reached skill level 7 in Axes
  2839 | D:5      | Noticed Ijyb
  2841 | D:5      | Found a burning altar of Makhleb.
  2864 | D:5      | Killed Ijyb
  2916 | D:5      | Reached **** piety under Trog
  2918 | D:5      | Killed from afar by an orc priest

Skill      XL: |  1  2  3  4  5  6  7 |
---------------+----------------------+-----
Fighting       | 4 5 |  5.9
Axes           | 4 5 6 7 |  7.1
Slings         | 1 2 |  2.8
Armour         | 3 4 5 |  5.3
Shields        | 1 |  1.2
Dodging        | |  2.5
Stealth        | |  0.1

Action                   |  1- 3 |  4- 6 |  7- 9 || total
-------------------------+-------+-------+-------++-------
Melee: Hand axe          |    75 |   127 |    77 ||   279
       Headbutt          |    13 |    28 |    25 ||    66
 Fire: Hunting sling     |    15 |       |       ||    15
Invok: Berserk           |     2 |     2 |     1 ||     5
       Burn Spellbooks   |       |     1 |       ||     1
  Use: Scroll            |     1 |     2 |       ||     3
  Eat: Chunk             |     2 |     6 |       ||     8
       Ration            |       |       |     1 ||     1
Armor: Plate armour      |    48 |    75 |    23 ||   146
Dodge: Dodged            |    27 |    43 |    10 ||    80
Block: Buckler           |    10 |     8 |     4 ||    22
